 Dungeon Crawl Stone Soup version 0.27-a0-1579-g97d2440184 (webtiles) character file.

Game seed: 3063340753509218268

49 garrulousMonolith the Gusty (level 3, -2/25 HPs)
             Began as a Gnoll Air Elementalist on July 18, 2021.
             Slain by an orc (6 damage)
             ... on level 2 of the Dungeon.
             The game lasted 00:02:07 (2654 turns).

garrulousMonolith the Gusty (GnAE)                  Turns: 2654, Time: 00:02:08

Health: -2/25      AC:  4    Str:  7    XL:     3   Next: 75%
Magic:  6/9        EV: 12    Int: 15    God:
Gold:   119        SH:  0    Dex: 12    Spells: 9/12 levels left

rFire    . . .     SeeInvis .   h - +0 dagger
rCold    . . .     Faith    .   (no shield)
rNeg     . . .     Spirit   .   d - +0 leather armour
rPois    .         Reflect  .   (no helmet)
rElec    .         Harm     .   i - +0 cloak
rCorr    .         Rampage  .   (no gloves)
Will     .....                  (no boots)
Stlth    ++........             (no amulet)
HPRegen  0.08/turn              (no ring)
MPRegen  0.11/turn              (no ring)

@: no status effects
A: fangs 1, strong nose, distributed training
a: no special abilities


You were on level 2 of the Dungeon.
You visited 1 branch of the dungeon, and saw 3 of its levels.

You collected 119 gold pieces.

Inventory:

Hand Weapons
 h - a +0 dagger (weapon)
Armour
 d - a +0 leather armour (worn)
 i - a +0 cloak (worn)
Jewellery
 j - a ring of ice
Scrolls
 a - a scroll of brand weapon {unknown}
 b - a scroll of noise {unknown}
 c - a scroll of immolation {unknown}
 f - a scroll of identify {unknown}
Potions
 e - a potion of haste {unknown}
 g - a potion of lignification {unknown}


   Skills:
 + Level 0.9 Fighting
 + Level 0.9 Short Blades
 + Level 0.9 Long Blades
 + Level 0.9 Axes
 + Level 0.9 Maces & Flails
 + Level 0.9 Polearms
 + Level 0.9 Staves
 + Level 0.9 Slings
 + Level 0.9 Bows
 + Level 0.9 Crossbows
 + Level 0.9 Throwing
 + Level 0.9 Armour
 + Level 4.5 Dodging
 + Level 4.2 Stealth
 + Level 0.9 Shields
 + Level 0.9 Unarmed Combat
 + Level 5.0 Spellcasting
 + Level 2.1 Conjurations
 + Level 0.6 Hexes
 + Level 0.6 Summonings
 + Level 0.6 Necromancy
 + Level 0.6 Translocations
 + Level 0.6 Transmutations
 + Level 0.6 Fire Magic
 + Level 0.6 Ice Magic
 + Level 5.4 Air Magic
 + Level 0.6 Earth Magic
 + Level 0.6 Poison Magic
 + Level 1.0 Invocations
 + Level 0.9 Evocations


You had 9 spell levels left.
You knew the following spells:

 Your Spells              Type           Power      Damage    Failure   Level
a - Shock                 Conj/Air       60%        1d6       4%          1
c - Static Discharge      Conj/Air       15%        N/A       8%          2

Your spell library contained the following spells:

 Spells                   Type           Power      Damage    Failure   Level
 Swiftness                Air            20%        N/A       8%          3
 Airstrike                Air            10%        N/A       26%         4


Dungeon Overview and Level Annotations

Branches:
Dungeon (3/15)

Altars:
Qazlal


Innate Abilities, Weirdness & Mutations

You have very sharp teeth.
Your uncanny sense of smell can sniff out nearby items.
Your experience applies equally to all skills.


Message History

Aiming: Shock (safe; 4% risk of failure)
Press: ? - help, Shift-Dir - straight line, f/p - orc
Aim: an orc, wielding a +0 short sword (severely wounded, 71% to hit)
The zap hits the orc.
You kill the orc!
You start resting.
HP restored.
You start resting.
Magic restored.
You climb downwards.
The orc hits you with a +0 hand axe. The orc closely misses you.
The goblin hits you but does no damage. The orc barely misses you.
There is a stone staircase leading up here.
The orc hits you with a +0 flail. The goblin closely misses you.
The orc hits you with a +0 hand axe.
You climb upwards.
There is a stone staircase leading down here.
Casting: Shock (safe; 4% risk of failure)
Confirm with . or Enter, or press ? or * to list all spells.
Aiming: Shock (safe; 4% risk of failure)
Press: ? - help, Shift-Dir - straight line The zap hits the goblin.
The goblin is heavily wounded.
The zap hits the goblin.
You kill the goblin!
The orc hits you with a +0 flail! The orc barely misses you.
Casting: Shock (safe; 4% risk of failure)
Confirm with . or Enter, or press ? or * to list all spells.
The orc is struck by an arc of lightning.
The orc is severely wounded.
You are struck by an arc of lightning.
* * * LOW HITPOINT WARNING * * *
The lightning grounds out.
The orc is struck by an arc of lightning.
The orc is heavily wounded.
You are struck by an arc of lightning.
* * * LOW HITPOINT WARNING * * *
The lightning grounds out.
The orc misses you. The orc hits you with a +0 hand axe.
You die...

################
#..............#
#########.############.#
#.....)o#.# #.#
#.#####@#.# #.# #.#
#o#.# #.. #.# #.#.# ###
#.# #.#.# #.# #.#.# #.#
#.#.## #.# #....######
#.# #..#......# #.#
#....####.########


You could see 2 orcs.

Vanquished Creatures
  3 dart slugs
  2 orcs
  An endoplasm (D:2)
  A giant cockroach (D:2)
  4 goblins
  2 hobgoblins (D:2)
  12 jackals
  4 ball pythons
  3 bats
  A frilled lizard (D:1)
  2 rats
35 creatures vanquished.

Notes
Turn   | Place    | Note
-------+----------+-------------------------------------------
     0 | D:1      | garrulousMonolith the Gnoll Air Elementalist began the
                  | quest for the Orb.
     0 | D:1      | Reached XP level 1. HP: 13/13 MP: 6/6
   252 | D:1      | Reached XP level 2. HP: 13/19 MP: 0/7
   267 | D:1      | Learned a level 2 spell: Static Discharge
   569 | D:1      | Found a faded altar of an unknown god.
  1320 | D:2      | Reached XP level 3. HP: 7/25 MP: 0/9
  1615 | D:2      | Found a stormy altar of Qazlal.
  1633 | D:2      | Reached skill level 5 in Spellcasting
  2350 | D:2      | Reached skill level 1 in Invocations
  2654 | D:2      | Slain by an orc

Illustrated notes

Levels and vault maps discovered:
D:1:      minmay_arrival_widening_spiral_wide, layout_rooms,
          shapermc_ecumenical_altar_venn, palyth_stone_intersect,
          chequers_serial_rivers_micro_b
D:2:      layout_loops_ring, basic_altar, hangedman_decor_slide_cut,
          kennysheep_cluttered_room
D:3:      layout_rooms, lightli_temple_of_fire

Skill      XL: |  1  2  3 |
---------------+----------+-----
Conjurations   | 2 |  2.1
Spellcasting   | 5 |  5.0
Invocations    | 1 |  1.0
Fighting       | |  0.9
Short Blades   | |  0.9
Long Blades    | |  0.9
Axes           | |  0.9
Maces & Flails | |  0.9
Polearms       | |  0.9
Staves         | |  0.9
Slings         | |  0.9
Bows           | |  0.9
Crossbows      | |  0.9
Throwing       | |  0.9
Armour         | |  0.9
Dodging        | |  4.5
Stealth        | |  4.2
Shields        | |  0.9
Unarmed Combat | |  0.9
Hexes          | |  0.6
Summonings     | |  0.6
Necromancy     | |  0.6
Translocations | |  0.6
Transmutations | |  0.6
Fire Magic     | |  0.6
Ice Magic      | |  0.6
Air Magic      | |  5.4
Earth Magic    | |  0.6
Poison Magic   | |  0.6
Evocations     | |  0.9

Action                   || total
-------------------------++-------
Melee: Unarmed           ||    29
       Bite              ||     3
       Dagger            ||     7
 Cast: Shock             ||    56
       Static Discharge  ||    12
 Stab: Sleeping          ||     1
Armor: Leather armour    ||    21
Dodge: Dodged            ||    45

Table legend: (Time is in decaauts)
 A = Elapsed time spent in this place.
 B = Non-inter-level travel time spent in this place.
 C = Inter-level travel time spent in this place.
 D = Time resting spent in this place.
 E = Time spent auto-exploring this place.
 F = Levels seen in this place.
 G = Mean time per level.
                   A        B        C        D        E       F      G
               +--------+--------+--------+--------+--------+-----+--------+
         Total |   2655 |   2593 |     62 |     90 |   2271 |   3 |  885.0 |
       Dungeon |   2655 |   2593 |     62 |     90 |   2271 |   3 |  885.0 |
               +--------+--------+--------+--------+--------+-----+--------+

Top non-repeatable levels by time:
     D:2: 1399 daAuts
     D:1: 1245 daAuts
     D:3: 11 daAuts
